 Dungeon Crawl Stone Soup version 0.25-a0-464-g3004169c2b (webtiles) character file.

Game seed: 7015476369466844810, levelgen mode: deterministic

1847 FRZBLD the Cleaver (level 8, -12/76 HPs)
             Began as a Deep Dwarf Fighter on Feb 4, 2020.
             Mangled by an ogre
             ... wielding a +0 giant spiked club
              (23 damage)
             ... on level 6 of the Dungeon.
             The game lasted 00:25:28 (3944 turns).

FRZBLD the Cleaver (Deep Dwarf Fighter)             Turns: 3944, Time: 00:25:28

Health: -12/76     AC: 13    Str: 23    XL:     8   Next: 88%
Magic:  6/6        EV:  8    Int:  8    God:
Gold:   306        SH:  5    Dex: 12    Spells: 7/7 levels left

rFire    + . .     SeeInvis .   A - +2 spear (vamp)
rCold    . . .     Gourm    .   (no shield)
rNeg     + + .     Faith    .   B - +2 chain mail {rC+}
rPois    .         Spirit   .   (no helmet)
rElec    .         Reflect  +   (no cloak)
rCorr    .         Harm     .   (no gloves)
MR       +....                  v - +0 pair of boots
Stlth    ..........             D - amulet of Kulex {Reflect rN++ SH+5}
HPRegen  0.00/turn              t - ring of fire
MPRegen  0.10/turn              (no ring)

@: about to teleport, non-regenerating
A: damage resistance, heal wounds, sense surroundings 1, no regeneration
a: Heal Wounds


You were on level 6 of the Dungeon.
You were not hungry.

You visited 1 branch of the dungeon, and saw 6 of its levels.

You collected 306 gold pieces.

Inventory:

Hand Weapons
 a - a +0 war axe
 A - a +2 vampiric spear (weapon)
Missiles
 s - 41 bolts
Armour
 c - a +0 shield
 v - a +0 pair of boots (worn)
 B - a +2 chain mail of cold resistance (worn)
Jewellery
 t - a ring of fire (left hand)
 D - the amulet of Kulex (around neck) {Reflect rN++ SH+5}
   (You found it on level 5 of the Dungeon)

   [amulet of reflection]

   It shields you and reflects attacks.
   It greatly protects you from negative energy.
   It affects your SH (+5).
Scrolls
 e - 5 scrolls of remove curse
 h - a scroll of fog
 j - a scroll of amnesia
 k - a scroll of enchant weapon {unknown}
 m - a scroll of blinking {unknown}
 o - a scroll of immolation
 p - 2 scrolls of teleportation
 q - a scroll of noise {unknown}
 y - 3 scrolls of enchant armour {unknown}
 z - 6 scrolls of identify {unknown}
 F - a scroll of magic mapping {unknown}
Potions
 d - a potion of might
 g - 2 potions of haste
 i - a potion of degeneration {unknown}
 l - 2 potions of flight
 n - a potion of lignification {unknown}
 r - 5 potions of curing
 x - a potion of cancellation {unknown}
 C - 3 potions of brilliance {unknown}
 E - a potion of berserk rage {unknown}
Comestibles
 f - 13 rations


   Skills:
 + Level 5.8 Fighting
 * Level 9.2 Axes
 + Level 7.1 Armour
 - Level 3.2 Shields


You had 7 spell levels left.
You didn't know any spells.
Your spell library was empty.

Dungeon Overview and Level Annotations

Branches:
Dungeon (6/15)
 Temple: D:4-7

Altars:
Elyvilon


Innate Abilities, Weirdness & Mutations

You are resistant to damage.
You can heal yourself by infusing magical energy.
You passively map a small area around you.
You do not regenerate.


Message History

Aim: an orc warrior, wielding a +0 flail and wearing a +0 plate armour
Okay, then.
Quiver which item? (- for none, * to show all) (? for menu, Esc to quit)
Okay, then.
You see here a +0 giant spiked club.
You barely miss the orc warrior. The orc warrior barely misses you.
You hit the orc warrior but do no damage.
You block the orc warrior's attack.
You completely miss the orc warrior. You hit the orc warrior.
The orc warrior is lightly wounded.
The orc warrior hits you with a cursed +0 flail!
* * * LOW HITPOINT WARNING * * *
The orc warrior hits you with a cursed +0 flail!
* * * LOW HITPOINT WARNING * * *
You see here a +0 giant spiked club.
As you read the scroll of teleportation, it crumbles to dust.
You feel strangely unstable. The orc warrior barely misses you.
The ogre hits you with a +0 giant spiked club!!
You die...

#.##......##.#.(..#
#*,#....#.##.....#
* ####.#.#.....#
#..*#.#......#
....##.(.....# , ,
.............# ..,
..)..........# ...
*....##.......#
..#.##..##.#....@.#
.#.#.####.#.#..oO.#
.##.#....#.##..)..#
#.##....(.##.#....#
.#..........#.#...#
#............##.).#
...............#..#
..................#
........######....#


You could see an orc warrior and an ogre.

Vanquished Creatures
  Sigmund (D:4)
  A sky beast (D:6)
  A phantom (D:5)
  2 ogres (D:6)
  A necrophage (D:5)
  2 centaurs
  A bullfrog (D:6)
  A wyvern skeleton (D:6)
  3 scorpions (D:6)
  A crimson imp (D:4)
  2 jellies
  2 bullfrog skeletons
  5 hounds
  An orc priest (D:6)
  A centaur skeleton (D:5)
  An iguana (D:5)
  2 worker ants (D:5)
  A hound zombie (D:5)
  A worker ant zombie (D:5)
  10 gnolls
  11 adders
  A shadow imp (D:5)
  3 worms
  An adder skeleton (D:6)
  6 leopard geckos
  10 orcs
  3 ball pythons
  6 bats
  7 giant cockroaches
  5 goblins
  A hobgoblin (D:1)
  7 jackals
  A quokka (D:5)
  8 frilled lizards
  A jackal skeleton (D:5)
  5 kobolds
  A leopard gecko skeleton (D:4)
  A quokka skeleton (D:6)
  5 rats
123 creatures vanquished.

Vanquished Creatures (others)
  Eustachio (D:4)
1 creature vanquished.

Grand Total: 124 creatures vanquished

Notes
Turn   | Place    | Note
-------+----------+-------------------------------------------
     0 | D:1      | FRZBLD the Deep Dwarf Fighter began the quest for the Orb.
     0 | D:1      | Reached XP level 1. HP: 20/20 MP: 1/1
   144 | D:1      | Reached XP level 2. HP: 24/27 MP: 2/2
   844 | D:2      | Reached skill level 3 in Axes
   879 | D:2      | Reached XP level 3. HP: 24/34 MP: 3/3
  1016 | D:2      | Reached XP level 4. HP: 21/42 MP: 4/4
  1494 | D:3      | Reached skill level 4 in Axes
  1616 | D:3      | Reached XP level 5. HP: 21/49 MP: 5/5
  2022 | D:4      | Noticed Sigmund
  2032 | D:4      | Killed Sigmund
  2032 | D:4      | Reached skill level 5 in Axes
  2032 | D:4      | Reached XP level 6. HP: 19/57 MP: 6/6
  2168 | D:4      | Reached skill level 5 in Armour
  2318 | D:4      | Noticed Eustachio
  2347 | D:4      | Killed Eustachio
  2347 | D:4      | Reached skill level 6 in Axes
  2347 | D:4      | Reached XP level 7. HP: 49/64 MP: 7/7
  2668 | D:4      | Found a white marble altar of Elyvilon.
  2860 | D:5      | Entered Level 5 of the Dungeon
  3023 | D:5      | Reached skill level 7 in Axes
  3208 | D:5      | Got a coiled iron amulet
  3302 | D:5      | Identified the amulet of Kulex {Reflect rN++ SH+5} (You
                  | found it on level 5 of the Dungeon)
  3322 | D:6      | Reached XP level 8. HP: 73/73 MP: 8/8
  3378 | D:5      | Reached skill level 5 in Fighting
  3461 | D:6      | Reached skill level 8 in Axes
  3852 | D:6      | Reached skill level 9 in Axes
  3944 | D:6      | Mangled by an ogre

Levels and vault maps discovered:
D:1:      lightli_arrival_flooded_house, layout_basic
D:2:      layout_basic
D:3:      layout_basic, minmay_statues_item
D:4:      layout_basic, lemuel_doored_altar, first_ration, uniq_eustachio,
          uniq_sigmund
D:5:      layout_rooms
D:6:      layout_basic, minmay_misc_feat_secret_circle, serial_bayou_lake_a,
          uniq_crazy_yiuf_cottage

Skill      XL: |  1  2  3  4  5  6  7  8 |
---------------+-------------------------+-----
Axes           | 3 4 5 6 7 9 |  9.2
Fighting       | 3 4 5 |  5.8
Armour         | 4 5 6 7 |  7.1
Shields        | |  3.2

Action                   |  1- 3 |  4- 6 |  7- 9 || total
-------------------------+-------+-------+-------++-------
Melee: War axe           |   104 |   122 |       ||   226
       Spear             |       |    28 |   359 ||   387
Throw: Dart              |       |       |    18 ||    18
 Abil: Heal Wounds       |       |     4 |     9 ||    13
  Use: Scroll            |       |       |     7 ||     7
       Potion            |       |       |     3 ||     3
  Eat: Chunk             |     1 |     4 |     6 ||    11
Armor: Scale mail        |    53 |    94 |   125 ||   272
       Chain mail        |       |       |    16 ||    16
Dodge: Dodged            |    48 |    65 |   122 ||   235
Block: Shield            |    75 |   111 |   207 ||   393
       Other             |       |       |    11 ||    11
       Reflection        |       |       |     1 ||     1

Table legend:
 A = Non-vault XP
 B = Vault XP
 C = Vault XP percentage of total XP
 D = Non-vault monster count
 E = Vault monster count
 F = Vault count percentage of total count
                 A         B        C        D         E       F
            +---------+---------+-------+---------+---------+-------
      Total |    2303 |     336 |  12.7 |     122 |       2 |   1.6
            +---------+---------+-------+---------+---------+-------
        D:1 |      27 |       0 |   0.0 |      17 |       0 |   0.0
        D:2 |      95 |       0 |   0.0 |      19 |       0 |   0.0
        D:3 |     133 |       0 |   0.0 |      22 |       0 |   0.0
        D:4 |     148 |     336 |  69.4 |      13 |       2 |  13.3
        D:5 |     854 |       0 |   0.0 |      30 |       0 |   0.0
        D:6 |    1046 |       0 |   0.0 |      21 |       0 |   0.0
            +---------+---------+-------+---------+---------+-------
